AoeStats
← huxkon

Arabia

503912686Analyzed
1v1 RM · 1mo ago on Sep 3, 2026· 45m 17s· 2 players
Game mode
Random Map
Map size
Tiny (2 player)
Population
200
Speed
Normal
Resources
Standard
Victory
Conquest
Starting age
Dark Age
Ending age
Imperial Age
RankedLock teamsTeams togetherTeam positionsShared explorationLock speedFull tech treeHidden civsTurbo modeCheats
Victory
Defeat
🇩🇪 Wei · Germany
964
+15
🇹🇷 Franks · Türkiye
949
-44
huxkon
10:54 Feudal Age
10:20 Loom
23:01 Scale Barding Armor
23:06 Forging
25:27 Castle Age
26:46 Chain Barding Armor
27:01 Iron Casting
25:56 Pikeman
26:42 Husbandry
xSercho
7:46 Loom
10:13 Feudal Age
10:50 Town Watch
11:13 Double-Bit Axe
14:08 Wheelbarrow
21:14 Castle Age
20:19 Fletching
20:29 Padded Archer Armor
21:57 Bodkin Arrow
22:10 Gold Mining
25:05 Leather Archer Armor
29:21 Ballistics
28:56 Murder Holes
31:57 Crossbowman
35:57 Town Patrol
40:40 Imperial Age
38:30 Hand Cart
39:29 Scale Barding Armor
39:35 Forging
Connection lost

Rejoining the realm…

Still unreachable

The connection could not be restored.

Session expired

The server has moved on; the page needs a fresh start.